 Dungeon Crawl Stone Soup version 0.24.1-8-ga250c9d538 (webtiles) character file.

Game seed: 4216741446320518671, levelgen mode: deterministic

137 Hugehornet the Changer (level 5, -13/33 HPs)
             Began as an Octopode Transmuter on May 3, 2020.
             Mangled by Duvessa
             ... wielding a +0 rapier
              (24 damage)
             ... on level 4 of the Dungeon.
             The game lasted 00:05:15 (1955 turns).

Hugehornet the Changer (Octopode Transmuter)        Turns: 1955, Time: 00:05:16

Health: -13/33     AC:  2    Str: 10    XL:     5   Next: 20%
Magic:  3/8        EV: 19    Int: 16    God:
Gold:   164        SH:  0    Dex: 17    Spells: 2/8 levels left

rFire    . . .     SeeInvis .     - Unarmed
rCold    . . .     Gourm    .   (shield currently unavailable)
rNeg     . . .     Faith    .   (helmet currently unavailable)
rPois    x         Spirit   .   (no amulet)
rElec    .         Reflect  .   (no ring)
rCorr    .         Harm     .   (no ring)
MR       .....                  (no ring)
Stlth    ++........             (no ring)
HPRegen  0.11/turn              (no ring)
MPRegen  0.11/turn              (no ring)
                                (no ring)
                                (no ring)

@: spider-form
A: tiny, almost no armour, stealthy swim, (amphibious), 8 rings, (constrict 8)
a: End Transformation


You were on level 4 of the Dungeon.
You were very hungry.
You were a venomous arachnid creature.
You visited 1 branch of the dungeon, and saw 6 of its levels.

You collected 164 gold pieces.

Inventory:

Missiles
 a - 39 arrows
Jewellery
 f - an uncursed ring of ice
Scrolls
 b - 9 scrolls of identify {unknown}
 d - a scroll of enchant weapon {unknown}
 g - a scroll of random uselessness {unknown}
Potions
 e - a potion of mutation {unknown}
 h - a potion of magic {unknown}
 i - a potion of flight {unknown}
 j - a potion of brilliance {unknown}
Comestibles
 c - 5 rations


   Skills:
 - Level 1.0 Fighting
 - Level 2.0 Dodging
 * Level 3.5 Unarmed Combat
 - Level 2.0 Spellcasting
 * Level 4.7 Transmutations
 + Level 1.2 Poison Magic


You had 2 spell levels left.
You knew the following spells:

 Your Spells              Type           Power        Failure   Level  Hunger
a - Beastly Appendage     Tmut           ###...       11%         1    #......
b - Sticks to Snakes      Tmut           ###.....     14%         2    ###....
c - Spider Form           Tmut/Pois      ##........   38%         3    ###....

Your spell library contained the following spells:

 Spells                   Type           Power        Failure   Level  Hunger
 Ice Form                 Ice/Tmut       #.......     80%         4    #####..
 Blade Hands              Tmut           ###.......   82%         5    ######.


Dungeon Overview and Level Annotations

Branches:
Dungeon (6/15)
 Temple: D:4-7

Altars:
Ashenzari

Annotations:
D:4 Duvessa


Innate Abilities, Weirdness & Mutations

You cannot wear most types of armour.
You are very stealthy in the water. (Stealth+)
((You are amphibious.))
You can wear up to eight rings at the same time.
((You can use your tentacles to constrict eight enemies at once.))
((Your skin changes colour to match your surroundings (Stealth+).))
((Your rubbery body absorbs attacks. (AC +1, EV +1)))


Message History

Something hits you but does no damage.
You release spores at something!
Something hits Dowan!
Dowan is killed!
Something shouts wrathfully, "No!"
You have reached level 5!
You feel stronger.
A leopard gecko is nearby!
A leopard gecko is nearby!
A leopard gecko is nearby!
A leopard gecko is nearby!
You can't do that in your present form.
You stop sporulating.
Something hits you!
Casting: Spider Form (safe; 19% risk of failure)
Confirm with . or Enter, or press ? or * to list all spells.
You turn into a venomous arachnid creature.
Something hits you.
You hit something. Something hits you!!
Ouch! That really hurt!
You die...

# ##. #...#
......###
#......>####
.......l{s.#
#.....#.##.#
#.......##.#
#.....####.##
...... #..#
..... ####
##.. ...


You could see a leopard gecko.

Vanquished Creatures
  Dowan (D:4)
  A worker ant (D:4)
  2 adders (D:3)
  2 shadow imps (D:5)
  2 oozes (D:2)
  A worm (D:3)
  A leopard gecko (D:3)
  2 orcs (D:3)
  8 bats
  A giant cockroach (D:5)
  7 goblins
  5 hobgoblins
  6 kobolds
  2 frilled lizards
  A jackal skeleton (D:5)
  7 rats
49 creatures vanquished.

Notes
Turn   | Place    | Note
-------+----------+-------------------------------------------
     0 | D:1      | Hugehornet the Octopode Transmuter began the quest for the
                  | Orb.
     0 | D:1      | Reached XP level 1. HP: 13/13 MP: 3/3
   156 | D:1      | Reached XP level 2. HP: 18/18 MP: 3/5
   169 | D:1      | Learned a level 2 spell: Sticks to Snakes
   466 | D:1      | Reached skill level 3 in Transmutations
   975 | D:2      | Reached XP level 3. HP: 13/23 MP: 4/6
  1245 | D:2      | Found a faded altar of an unknown god.
  1564 | D:3      | Reached skill level 4 in Transmutations
  1576 | D:3      | Reached XP level 4. HP: 19/28 MP: 5/7
  1584 | D:3      | Learned a level 3 spell: Spider Form
  1731 | D:3      | You fall into a shaft and drop 3 floors!
  1735 | D:6      | Noticed an ice beast
  1769 | D:5      | Entered Level 5 of the Dungeon
  1877 | D:5      | Found a shattered altar of Ashenzari.
  1925 | D:4      | Noticed Duvessa
  1925 | D:4      | Noticed Dowan
  1949 | D:4      | Reached skill level 1 in Poison Magic
  1952 | D:4      | Killed Dowan
  1952 | D:4      | Reached XP level 5. HP: 24/33 MP: 6/8
  1955 | D:4      | Mangled by Duvessa

Levels and vault maps discovered:
D:1:      ncdulo_lavacross, layout_loops_corners, kennysheep_another_room
D:2:      minmay_evil_eye, layout_rooms, chequers_ecumenical_altar_simple_redux,
          hangedman_decor_growths
D:3:      layout_rooms
D:4:      layout_basic, gammafunk_temple_overflow_wave,
          nicolae_overflow_crystal_walls, minmay_temple_entry_stoned_glass,
          first_ration, uniq_duvessa
D:5:      layout_basic, kennysheep_mini_moat, basic_altar, fedhas_altar_2
D:6:      layout_cave_pools, lemuel_doored_altar, serial_shops,
          nicolae_shop_stone, nicolae_shop_trees, shop_fountains

Skill      XL: |  1  2  3  4 |
---------------+-------------+-----
Transmutations | 3 4 |  4.7
Poison Magic   | 1 |  1.2
Fighting       | |  1.0
Dodging        | |  2.0
Unarmed Combat | |  3.5
Spellcasting   | |  2.0

Action                   |  1- 3 |  4- 6 || total
-------------------------+-------+-------++-------
Melee: Unarmed           |    75 |    40 ||   115
       Constrict         |    22 |     9 ||    31
       Kick              |    13 |    11 ||    24
       Tentacles         |    10 |     5 ||    15
       Punch             |     1 |     2 ||     3
 Cast: Beastly Appendage |    26 |     9 ||    35
       Spider Form       |       |     2 ||     2
 Stab: Sleeping          |     6 |       ||     6
  Eat: Chunk             |     2 |     1 ||     3
Armor: Skin              |     8 |     6 ||    14
Dodge: Dodged            |    55 |    19 ||    74
